 Dungeon Crawl Stone Soup version 0.15-a0-60-g2d7d1c5 (webtiles) character file.

1080 4tharraofdagon the Cudgeler (level 7, -3/71 HPs)
             Began as a Troll Gladiator on Apr 6, 2014.
             Slain by a phantom (10 damage)
             ... on Level 5 of the Dungeon.
             The game lasted 00:09:36 (2049 turns).

4tharraofdagon the Cudgeler (Troll Gladiator)       Turns: 2049, Time: 00:09:36

HP  -3/71        AC  5     Str 24      XL: 7   Next: 80%
MP   3/3         EV 10     Int  6      God:
Gold 178         SH  0     Dex 10      Spells:  0 memorised,  6 levels left

rFire  . . .     SeeInvis .     a - +0 flail
rCold  + . .     Clarity  +     b - +0 animal skin
rNeg   + . .     Conserve .     (shield restricted)
rPois  .         rCorr    .     c - +0 hat
rElec  .         rRot     .     (no cloak)
SustAb . .       Spirit   .     (gloves unavailable)
rMut   .         Warding  .     (boots unavailable)
Gourm  +         Stasis   .     u - amulet of clarity
MR     .....                    z - ring of protection from cold {unknown}
                                q - ring of positive energy

@: not resistant to hostile enchantments, unstealthy
A: unfitting armour, claws 3, fast metabolism 3, gourmand, regeneration 2,
saprovore 2, shaggy fur 1, tough skin 2
a: no special abilities


You were on level 5 of the Dungeon.
You were completely stuffed.

You visited 1 branch of the dungeon, and saw 6 of its levels.
You also visited: Sewer.

You collected 178 gold pieces.

Inventory:

Hand weapons
 a - a +0,+0 flail (weapon)
 y - a -3,-2 giant club
 A - a +0 blowgun
 B - the +3,-1 halberd "Transmigrator" {chop, rC+}
   (You found it on level 5 of the Dungeon)

   It inflicts extra damage upon your enemies.
   It protects you from cold.
 E - a +1,+2 short sword of speed
Missiles
 d - 2 throwing nets (quivered)
Armour
 b - a +0 animal skin (worn)
 c - a +0 hat (worn)
Magical devices
 C - a wand of enslavement (9)
Comestibles
 f - 3 meat rations
 n - a sausage
 t - a bread ration
 w - a snozzcumber
Scrolls
 g - 2 scrolls of magic mapping {unknown}
 h - 6 scrolls of blinking
 i - a scroll of fear {unknown}
 j - 3 scrolls of immolation
 k - a scroll of noise {unknown}
 l - 2 scrolls of remove curse
 m - 2 scrolls of teleportation {unknown}
 r - a scroll of enchant weapon II {unknown}
 s - a scroll of enchant weapon I {unknown}
 D - a scroll of identify
Jewellery
 q - a ring of positive energy (left claw)
 u - an amulet of clarity (around neck)
 x - an uncursed ring of magical power
 z - a ring of protection from cold (right claw) {unknown}
Potions
 e - a potion of might {unknown}
 o - 2 potions of curing
 p - a potion of agility
 v - 3 potions of heal wounds {unknown}
 F - a potion of poison {unknown}


   Skills:
 + Level 4.4 Fighting
 * Level 7.2 Maces & Flails
 - Level 1.7 Throwing
 - Level 2.4 Dodging


You had 6 spell levels left.
You didn't know any spells.

Dungeon Overview and Level Annotations

Branches:
Dungeon (6/15)
 Temple: D:4-7

Altars:
Fedhas

Shops:
D:4 }


Innate Abilities, Weirdness & Mutations

You are too large for most types of armour.
You have claws for hands.
Your metabolism is lightning-fast.
You like to eat raw meat.
You heal very quickly.
You can eat rotten meat.
You are covered in fur (AC +1).
You have very tough skin (AC +2).


Message History

The phantom closely misses you.
You barely miss the phantom.
The phantom is lightly damaged.
The phantom hits you!
* * * LOW HITPOINT WARNING * * *
The phantom blinks!
The phantom blinks!
You hit the phantom.
The phantom is lightly damaged.
The phantom hits you!
* * * LOW HITPOINT WARNING * * *
The phantom blinks!
You sock the phantom!
The phantom is moderately damaged.
The phantom hits you!
* * * LOW HITPOINT WARNING * * *
You barely miss the phantom.
The phantom is moderately damaged.
The phantom hits you!
You die...

#.##..###............#
#.##....#...........##
#.....#.#...........#
..######.#.#......%....#.
#........#.#....##%'##.'.
#.#####..#.#.#.##8..8####
#..........#...#8....8#
.....#..#..#####.#.....[#
# #..#.@# #.#......#
##.#.p# #.#8....8# ###..#
#.##8..8## ...# #..##++##
.##.# .. ..# .. ..# . ...
.##


You could see a phantom.

Vanquished Creatures
  An ogre (D:4)
  A centaur (D:5)
  6 big kobolds (Sewer)
  A crimson imp (D:5)
  A hippogriff skeleton (D:5)
  A giant frog zombie (D:5)
  2 worker ants (D:5)
  3 adders
  4 green rats (Sewer)
  Natasha (D:5)
  3 giant mites (D:5)
  An inept feature mimic (D:3)
  4 worms (Sewer)
  A shadow imp (D:6)
  A giant eyeball (D:4)
  2 oozes
  An orc (D:5)
  10 bats
  8 giant cockroaches
  A gnoll zombie (D:5)
  2 hobgoblins (D:2)
  4 kobolds
  2 quokkas
  6 ball pythons
  3 giant geckos
  4 giant newts
  3 goblins
  A kobold skeleton (D:4)
  9 rats
87 creatures vanquished.

Vanquished Creatures (others)
  Natasha (D:5)
1 creature vanquished.

Grand Total: 88 creatures vanquished

Notes
Turn   | Place    | Note
--------------------------------------------------------------
     0 | D:1      | 4tharraofdagon, the Troll Gladiator, began the quest for the Orb.
     0 | D:1      | Reached XP level 1. HP: 19/19 MP: 1/1
    70 | D:1      | Reached skill level 3 in Maces & Flails
   122 | D:1      | Reached XP level 2. HP: 28/28 MP: 1/1
   479 | D:3      | Reached XP level 3. HP: 28/35 MP: 2/2
   759 | D:4      | Paralysed by a giant eyeball for 3 turns
   803 | D:4      | Found Zonyz's Gadget Shop.
   880 | D:4      | Noticed an ogre
   940 | D:4      | Killed an ogre
   940 | D:4      | Reached skill level 4 in Maces & Flails
   940 | D:4      | Reached XP level 4. HP: 34/44 MP: 2/2
   940 | D:4      | Reached XP level 5. HP: 38/50 MP: 2/2
  1047 | D:5      | Entered Level 5 of the Dungeon
  1065 | D:5      | Noticed Natasha
  1075 | D:5      | Killed Natasha
  1112 | D:5      | Found a glowing drain.
  1137 | Sewer    | Entered a sewer
  1173 | Sewer    | Reached skill level 5 in Maces & Flails
  1184 | Sewer    | Reached XP level 6. HP: 29/61 MP: 3/3
  1476 | Sewer    | Reached skill level 6 in Maces & Flails
  1476 | Sewer    | Reached XP level 7. HP: 48/68 MP: 3/3
  1731 | D:5      | Noticed a centaur
  1738 | D:5      | Killed a centaur
  1776 | D:6      | Found a blossoming altar of Fedhas.
  1846 | D:5      | Noticed Natasha
  1850 | D:5      | Got an ichor-stained halberd
  1851 | D:5      | Identified the cursed +3,-1 halberd "Transmigrator" {chop, rC+} (You found it on level 5 of the Dungeon)
  1889 | D:5      | Reached skill level 7 in Maces & Flails
  1900 | D:5      | Killed Natasha
  1977 | D:5      | Noticed a phantom
  2005 | D:5      | Noticed a phantom
  2049 | D:5      | Slain by a phantom

Action                   |  1- 3 |  4- 6 |  7- 9 || total
-------------------------+-------+-------+-------++-------
Melee: Flail             |   107 |   123 |   126 ||   356
       Halberd           |       |       |     1 ||     1
Throw: Throwing net      |     2 |       |       ||     2
Evoke: Wand              |       |       |     1 ||     1
  Use: Potion            |     1 |       |       ||     1
       Scroll            |       |     5 |     1 ||     6
 Stab: Confused          |       |     1 |       ||     1
